Description

Is the standard build of oracle vs zerg It is for my practice with overwolf

VOD

https://youtu.be/OdICjvr_rno?t=348

Replay - Nerchio v Stats: Game 1 - Abyssal Reef LE

Build Order

Get SALT Encoding   

  12  0:00  Probe (Chrono Boost)  
  13  0:11  Probe (Chrono Boost)  
  14  0:17  Pylon  
  14  0:22  Probe (Chrono Boost)  
  16  0:35  Probe (Chrono Boost)  
  16  0:39  Gateway  
  16  0:46  Probe (Chrono Boost)  
  16  0:48  Assimilator  
  17  0:57  Probe (Chrono Boost)  
  18  1:07  Probe (Chrono Boost)  
  19  1:18  Probe (Chrono Boost)  
  20  1:26  Nexus  
  20  1:34  Cybernetics Core  
  20  1:37  Probe (Chrono Boost)  
  21  1:43  Assimilator  
  21  1:48  Probe (Chrono Boost)  
  21  1:53  Pylon  
  23  2:08  Adept  
  23  2:11  Warp Gate  
  26  2:29  Stargate  
  27  2:35  Adept  
  35  3:10  Oracle  
  35  3:11  Gateway x2  
  41  3:23  Adept  
  44  3:27  Pylon  
  46  3:40  Pylon  
  46  3:45  Oracle  
  46  3:48  Assimilator x2  
  53  4:05  Pylon  
  53  4:07  Mothership Core (Chrono Boost)  
  56  4:22  Nexus  
  56  4:23  Sentry  
  59  4:30  Void Ray  
  66  4:45  Robotics Facility  
  68  4:53  Forge  
  70  5:11  Sentry x2, Protoss Ground Weapons Level 1  
  70  5:13  Twilight Council  
  80  5:36  Warp Prism  
  80  5:40  Assimilator x2  
  79  5:53  Charge  
  79  5:55  Robotics Facility  
  82  6:08  Gateway x2  
  85  6:13  Gateway  
  85  6:14  Observer  
  85  6:18  Adept x3  
  92  6:31  Gateway x2, Immortal  
  96  6:41  Immortal  
  100  6:51  Templar Archives  
  100  7:00  Photon Cannon  
  101  7:03  Protoss Ground Weapons Level 2  
  101  7:06  Immortal  
  101  7:14  Nexus  
  105  7:15  Immortal  
  109  7:28  Psionic Storm  
  109  7:30  High Templar x2  
  109  7:31  Zealot x4  
  121  7:39  Photon Cannon x2  
  121  7:45  Immortal x2  
  129  8:03  High Templar x2  
  129  8:04  Zealot x2  
  131  8:12  Archon  
  131  8:15  High Templar x2  
  131  8:17  Zealot x2  
  135  8:24  Photon Cannon  
  135  8:31  Immortal x2  
  135  8:33  Assimilator x2  
  147  8:47  Zealot x2  
  157  8:58  High Templar x3  
  163  9:04  Protoss Ground Weapons Level 3  
  171  9:21  Fleet Beacon  
  171  9:23  Stargate  
  171  9:32  Photon Cannon  
  177  9:54  Immortal x2  
  173  10:02  Nexus  
  171  10:13  High Templar  
  175  10:17  Archon x3  
  171  10:30  Tempest x2  
  191  11:00  Assimilator x2  
  191  11:08  Photon Cannon x2  
  198  12:16  Protoss Shields Level 1  
  198  12:18  Photon Cannon x3  
  198  12:32  Protoss Air Weapons Level 1  
  198  12:37  Gateway x2  
  198  12:49  Observer x2  
  194  13:56  Nexus  
Spawning Tool Build Advisor. Get it on Overwolf

Go to:

Details

  • Created by: Zeruell
  • Published on: May 12, 2017
  • Modified on: May 12, 2017
  • Patch: 3.8.0
Show
View Real Time Build Order
Export as new Build Order

Comments (0)

There are no comments. Be the first!

Create an account to comment!